Map: Dusk Towers

Players

Steisjo - Winner!

  • Race: Protoss Protoss
  • League: Gold

Nice

  • Race: Protoss Protoss

Event: DreamHack ZOWIE Open Leipzig

VOD

Have the link to the VOD?

Description

Time

  • Played on: Jan. 22, 2016, 10:42 a.m.
  • Length: 16:13

All games in this series

Show
View Real Time Build Order
Export as new Build Order

Steisjo Protoss - Winner!

Build Orders: 1 Gate Expand 

Get SALT Encoding   

  12  0:01  Probe (Chrono Boost)  
  13  0:11  Probe (Chrono Boost)  
  14  0:17  Pylon  
  14  0:22  Probe (Chrono Boost)  
  16  0:35  Probe (Chrono Boost)  
  16  0:36  Gateway  
  16  0:45  Assimilator  
  16  0:46  Probe (Chrono Boost)  
  17  0:56  Probe (Chrono Boost)  
  18  1:07  Probe (Chrono Boost)  
  19  1:20  Nexus  
  19  1:30  Cybernetics Core  
  19  1:33  Probe (Chrono Boost)  
  20  1:43  Assimilator  
  20  1:44  Probe (Chrono Boost)  
  21  1:53  Pylon  
  21  1:55  Probe (Chrono Boost)  
  22  2:11  Adept  
  22  2:12  Mothership Core (Chrono Boost)  
  26  2:17  Warp Gate  
  26  2:30  Probe (Chrono Boost)  
  26  2:33  Probe (Chrono Boost)  
  28  2:39  Adept (Chrono Boost)  
  28  2:41  Probe (Chrono Boost)  
  28  2:43  Probe (Chrono Boost)  
  32  2:49  Pylon  
  32  2:51  Probe (Chrono Boost), Pylon  
  33  2:58  Pylon  
  33  2:59  Probe (Chrono Boost)  
  33  3:02  Probe  
  35  3:05  Pylon  
  35  3:12  Pylon  
  34  3:22  Probe  
  34  3:26  Probe  
  37  3:34  Probe  
  37  3:37  Probe (Chrono Boost)  
  37  3:38  Stargate  
  38  3:46  Probe (Chrono Boost)  
  39  3:49  Probe (Chrono Boost)  
  40  3:57  Probe (Chrono Boost)  
  40  3:58  Robotics Facility  
  40  3:59  Probe (Chrono Boost)  
  42  4:04  Pylon  
  42  4:06  Stalker  
  42  4:07  Probe (Chrono Boost)  
  46  4:10  Probe (Chrono Boost)  
  46  4:16  Gateway  
  46  4:21  Probe (Chrono Boost)  
  46  4:22  Probe, Oracle (Chrono Boost)  
  46  4:23  Pylon  
  51  4:32  Gateway, Probe  
  51  4:35  Probe  
  51  4:37  Pylon  
  54  4:47  Observer (Chrono Boost)  
  54  4:49  Stalker  
  54  4:50  Probe  
  58  4:58  Nexus  
  57  5:00  Pylon  
  57  5:06  Immortal (Chrono Boost)  
  61  5:16  Stalker x2, Probe  
  61  5:17  Probe  
  67  5:23  Assimilator  
  67  5:27  Void Ray (Chrono Boost)  
  67  5:28  Assimilator  
  71  5:31  Probe  
  71  5:33  Probe  
  71  5:35  Pylon  
  73  5:46  Probe  
  74  5:51  Probe  
  71  5:58  Immortal (Chrono Boost), Probe  
  71  6:02  Probe  
  77  6:09  Stargate  
  77  6:10  Probe x2, Pylon  
  78  6:13  Probe, Forge, Pylon  
  80  6:23  Probe x2  
  78  6:30  Adept x3  
  81  6:33  Observer (Chrono Boost)  
  81  6:40  Probe  
  81  6:41  Probe  
  81  6:45  Probe  
  83  6:50  Probe  
  83  6:53  Probe, Void Ray (Chrono Boost)  
  89  6:55  Probe  
  89  7:01  Probe, Void Ray (Chrono Boost)  
  94  7:04  Photon Cannon  
  94  7:05  Probe  
  96  7:08  Probe  
  96  7:12  Probe  
  98  7:17  Probe, Assimilator  
  98  7:19  Probe  
  98  7:21  Pylon  
  98  7:22  Probe  
  100  7:23  Assimilator  
  100  7:29  Probe x2  
  102  7:32  Void Ray (Chrono Boost)  
  102  7:33  Probe  
  102  7:35  Immortal (Chrono Boost)  
  112  7:39  Pylon  
  112  7:41  Pylon  
  112  7:46  Stalker  
  112  7:53  Fleet Beacon  
  112  7:55  Probe x2  
  114  7:59  Probe, Photon Cannon  
  114  8:03  Photon Cannon  
  114  8:04  Void Ray (Chrono Boost)  
  115  8:07  Probe  
  120  8:14  Void Ray (Chrono Boost)  
  124  8:23  Stargate  
  124  8:24  Pylon  
  124  8:25  Photon Cannon  
  124  8:27  Protoss Air Weapons Level 1 (Chrono Boost)  
  124  8:33  Carrier  
  124  8:34  Photon Cannon  
  130  8:49  Carrier  
  129  9:00  Probe  
  133  9:04  Probe  
  133  9:05  Probe  
  133  9:08  Photon Cannon  
  135  9:11  Photon Cannon  
  135  9:22  Carrier (Chrono Boost)  
  141  9:34  Photon Cannon  
  141  9:36  Pylon, Photon Cannon  
  141  9:38  Photon Cannon  
  141  9:41  Photon Cannon  
  141  9:44  Pylon  
  141  9:50  Graviton Catapult, Pylon  
  141  9:52  Photon Cannon  
  141  9:58  Carrier (Chrono Boost)  
  147  10:06  Nexus  
  147  10:12  Carrier (Chrono Boost)  
  147  10:15  Photon Cannon  
  153  10:23  Pylon, Photon Cannon  
  153  10:27  Pylon  
  153  10:30  Pylon  
  153  10:38  Carrier (Chrono Boost)  
  159  10:52  Stargate  
  158  11:08  Pylon  
  158  11:11  Protoss Air Weapons Level 2 (Chrono Boost)  
  158  11:16  Carrier  
  164  11:19  Carrier  
  174  11:48  Photon Cannon  
  174  11:50  Photon Cannon  
  174  11:51  Photon Cannon  
  174  11:53  Carrier (Chrono Boost)  
  174  11:55  Photon Cannon  
  174  11:57  Adept x2  
  174  11:58  Pylon  
  171  12:03  Adept  
  171  12:07  Pylon  
  170  12:08  Photon Cannon  
  170  12:10  Carrier (Chrono Boost), Photon Cannon  
  176  12:18  Photon Cannon  
  176  12:20  Probe  
  176  12:21  Photon Cannon  
  180  12:34  Carrier (Chrono Boost)  
  180  12:40  Probe  
  180  12:41  Probe  
  188  12:46  Oracle (Chrono Boost)  
  191  13:02  Pylon  
  187  13:14  Carrier  
  187  13:15  Photon Cannon  
  187  13:16  Photon Cannon  
  187  13:18  Pylon  
  193  13:20  Pylon  
  193  13:21  Protoss Air Weapons Level 3 (Chrono Boost)  
  193  13:34  Photon Cannon  
  191  13:36  Carrier  
  197  13:58  Carrier  
  197  14:02  Carrier  
  196  14:12  Assimilator  
  196  14:16  Observer (Chrono Boost)  
  197  14:18  Assimilator  
  197  14:20  Photon Cannon  
  197  14:21  Photon Cannon  
  197  14:22  Mothership Core (Chrono Boost)  
  199  14:36  Observer  
  196  15:07  Pylon  
  179  15:36  Adept x3  
  191  15:48  Pylon  
  191  15:49  Pylon  
  185  15:51  Pylon  
  185  15:52  Mothership Core (Chrono Boost), Pylon  
  185  15:56  Pylon x2  
Show
View Real Time Build Order
Export as new Build Order

Nice Protoss 

Build Orders: Nexus First 

Get SALT Encoding   

  12  0:01  Probe (Chrono Boost)  
  13  0:12  Probe (Chrono Boost)  
  14  0:18  Pylon  
  14  0:22  Probe (Chrono Boost)  
  15  0:36  Probe (Chrono Boost)  
  16  0:47  Probe (Chrono Boost)  
  17  0:58  Nexus  
  17  1:08  Gateway  
  17  1:10  Probe (Chrono Boost)  
  18  1:21  Probe (Chrono Boost)  
  18  1:22  Assimilator  
  19  1:27  Assimilator  
  19  1:31  Probe (Chrono Boost)  
  20  1:41  Gateway  
  20  1:42  Probe (Chrono Boost)  
  21  1:55  Probe (Chrono Boost)  
  21  1:57  Cybernetics Core  
  22  2:05  Probe (Chrono Boost)  
  23  2:11  Probe (Chrono Boost)  
  24  2:16  Probe (Chrono Boost)  
  24  2:22  Probe (Chrono Boost)  
  26  2:26  Probe (Chrono Boost)  
  27  2:32  Stalker (Chrono Boost), Probe (Chrono Boost)  
  27  2:34  Stalker (Chrono Boost)  
  27  2:37  Warp Gate  
  32  2:39  Probe  
  33  2:45  Pylon  
  33  2:48  Probe (Chrono Boost)  
  34  2:52  Mothership Core (Chrono Boost)  
  34  2:57  Pylon  
  36  3:06  Pylon  
  36  3:10  Probe x2 (Chrono Boost)  
  38  3:21  Stalker  
  38  3:25  Stalker  
  39  3:28  Probe (Chrono Boost)  
  38  3:42  Probe (Chrono Boost)  
  38  3:43  Twilight Council  
  38  3:44  Probe (Chrono Boost)  
  38  3:52  Probe (Chrono Boost)  
  38  3:55  Probe (Chrono Boost)  
  39  4:03  Probe (Chrono Boost)  
  39  4:05  Probe (Chrono Boost)  
  39  4:07  Robotics Facility  
  41  4:13  Probe (Chrono Boost)  
  41  4:14  Pylon  
  41  4:16  Probe (Chrono Boost)  
  43  4:20  Dark Shrine  
  44  4:24  Probe (Chrono Boost)  
  44  4:26  Probe (Chrono Boost)  
  45  4:34  Probe (Chrono Boost)  
  45  4:37  Probe (Chrono Boost)  
  47  4:39  Assimilator  
  47  4:43  Pylon, Assimilator  
  47  4:45  Probe (Chrono Boost)  
  48  4:47  Probe (Chrono Boost), Blink  
  49  4:53  Warp Prism (Chrono Boost)  
  49  4:55  Probe  
  49  4:56  Probe  
  53  5:02  Stalker  
  53  5:04  Stalker  
  53  5:07  Pylon  
  57  5:09  Probe x2  
  58  5:25  Probe  
  59  5:30  Probe  
  59  5:32  Stalker x2  
  64  5:42  Pylon  
  64  5:47  Nexus  
  64  5:49  Probe  
  62  5:51  Probe  
  60  5:59  Dark Templar  
  60  6:00  Dark Templar  
  60  6:02  Probe (Chrono Boost)  
  60  6:03  Probe (Chrono Boost)  
  66  6:05  Forge  
  66  6:11  Pylon  
  66  6:13  Probe (Chrono Boost)  
  66  6:14  Probe (Chrono Boost)  
  68  6:24  Probe (Chrono Boost), Immortal  
  68  6:25  Probe (Chrono Boost)  
  72  6:33  Dark Templar  
  72  6:35  Stalker, Probe x2 (Chrono Boost)  
  76  6:45  Probe (Chrono Boost), Protoss Ground Weapons Level 1  
  76  6:46  Probe (Chrono Boost)  
  76  6:48  Gateway  
  76  6:49  Robotics Bay  
  76  6:57  Probe x2 (Chrono Boost)  
  79  7:01  Probe (Chrono Boost)  
  79  7:07  Stalker, Probe x2 (Chrono Boost)  
  79  7:08  Stalker  
  85  7:12  Probe (Chrono Boost)  
  86  7:16  Observer, Pylon  
  86  7:17  Pylon  
  86  7:18  Probe x2 (Chrono Boost)  
  86  7:22  Probe (Chrono Boost)  
  90  7:26  Pylon  
  90  7:28  Probe x2 (Chrono Boost)  
  90  7:29  Assimilator  
  92  7:31  Stalker, Assimilator  
  92  7:32  Stalker  
  92  7:33  Probe (Chrono Boost)  
  97  7:54  Gateway  
  97  7:56  Gateway  
  97  7:58  Photon Cannon  
  97  8:00  Gateway, Photon Cannon  
  97  8:01  Gateway  
  97  8:02  Gateway  
  97  8:04  Robotics Facility  
  97  8:08  Disruptor (Chrono Boost)  
  97  8:10  Dark Templar x3  
  103  8:14  Gravitic Drive (Chrono Boost)  
  103  8:18  Pylon  
  106  8:24  Pylon  
  106  8:25  Pylon  
  106  8:26  Pylon  
  106  8:39  Disruptor  
  101  8:58  Stalker x5  
  101  8:59  Stalker x2  
  101  9:02  Disruptor (Chrono Boost)  
  111  9:11  Pylon  
  111  9:13  Disruptor (Chrono Boost)  
  111  9:14  Protoss Ground Weapons Level 2 (Chrono Boost)  
  111  9:15  Pylon, Photon Cannon  
  114  9:19  Photon Cannon  
  114  9:33  Warp Prism (Chrono Boost)  
  116  9:40  Stalker x2  
  116  9:41  Stalker x2, Nexus, Pylon  
  122  10:04  Immortal  
  122  10:05  Charge (Chrono Boost)  
  122  10:09  Immortal  
  122  10:10  Templar Archives  
  130  10:20  Zealot  
  130  10:21  Zealot x7  
  146  10:33  Photon Cannon  
  146  10:38  Pylon  
  146  10:41  Immortal  
  146  10:47  Assimilator  
  150  10:51  High Templar x4  
  150  10:52  Zealot x2, Assimilator  
  150  10:56  Archon x2  
  162  11:15  Dark Templar x4  
  170  11:22  Pylon  
  175  11:42  High Templar x3  
  173  11:47  High Templar  
  173  11:48  Zealot x4  
  167  12:08  Gateway  
  167  12:10  Gateway  
  167  12:11  High Templar x2  
  167  12:12  Gateway, High Templar x2  
  167  12:15  Gateway  
  175  12:16  Archon x2  
  175  12:17  Gateway, High Templar  
  175  12:19  Stalker x2, Archon  
  175  12:21  Pylon, Archon  
  181  12:23  Pylon  
  181  12:24  High Templar  
  181  12:28  Pylon  
  183  12:30  Pylon, Archon  
  183  12:32  Pylon  
  183  12:45  Stalker x2  
  183  12:46  Stalker x4  
  183  12:51  Gateway  
  195  12:52  Gateway  
  195  12:53  Photon Cannon  
  195  12:54  Pylon  
  195  12:56  Pylon x2  
  195  13:00  Observer  
  196  13:07  High Templar x2  
  196  13:12  Archon  
  200  13:20  Protoss Ground Weapons Level 3 (Chrono Boost)  
  200  13:22  Pylon  
  200  13:34  Nexus  
  200  13:36  Pylon  
  200  13:37  Pylon  
  186  13:43  Stalker x3  
  186  13:44  Stalker x4  
  135  14:06  Stalker  
  135  14:07  Stalker x6  
  106  14:14  Stalker  
  106  14:15  Stalker  
  98  14:30  Photon Cannon  
  98  14:36  Stalker x2  
  98  14:37  Stalker x2  
  100  14:59  Stalker x5  
  92  15:03  High Templar x4  
  97  15:10  High Templar, Archon x2  
  97  15:11  High Templar  
  52  15:36  Stalker  
  52  15:37  Stalker, Archon  
  54  16:12  Gateway x3  

Tags
 
Add a new tag
Caveats
  • Supply blocks, unpowered buildings, or Contaminate may cause inaccurate times.
  • Supply counts are checked every 10 seconds.